 Dungeon Crawl Stone Soup version 0.22-a0-192-g6ffc940 (webtiles) character file.

32 Amnesiac the Magician (level 3, -4/24 HPs)
             Began as a Mummy Earth Elementalist on Feb 16, 2018.
             Shot with a stone by a goblin (5 damage)
             ... on level 3 of the Dungeon.
             The game lasted 00:01:18 (513 turns).

Amnesiac the Magician (Mummy Earth Elementalist)     Turns: 513, Time: 00:01:19

Health: -4/24      AC:  2    Str: 11    XL:     3   Next: 8%
Magic:  1/7        EV: 12    Int: 15    God:
Gold:   47         SH:  0    Dex: 12    Spells: 5/8 levels left

rFire    x . .     SeeInvis .   h - -1 mace (curse)
rCold    + . .     Gourm    .   (no shield)
rNeg     + + +     Faith    .   c - +0 robe
rPois    ∞         Spirit   .   (no helmet)
rElec    .         Reflect  .   (no cloak)
rCorr    .         Harm     .   (no gloves)
MR       .....                  (no boots)
Stlth    +.........             (no amulet)
HPRegen  0.08/turn              (no ring)
MPRegen  0.10/turn              (no ring)

@: very slow
A: no food or potions, fire vulnerability, cold resistance 1, negative energy
resistance 3, torment resistance, unbreathing
a: no special abilities


You were on level 3 of the Dungeon.
You were not hungry.

You visited 1 branch of the dungeon, and saw 3 of its levels.

You collected 47 gold pieces.

Inventory:

Hand Weapons
 h - a cursed -1 mace (weapon)
Missiles
 b - 32 stones (quivered)
Armour
 c - a +0 robe (worn)
Scrolls
 f - a scroll of identify {!r, unknown}
 g - a scroll of remove curse {!r, unknown}
Books
 d - a book of Geomancy

   Spells                             Type                      Level
   a - Sandblast                      Earth                        1
   b - Passwall                       Transmutation/Earth          2
   c - Stone Arrow                    Conjuration/Earth            3
   d - Petrify                        Transmutation/Earth          4
   e - Lee's Rapid Deconstruction     Earth                        5


   Skills:
 - Level 1.5 Dodging
 - Level 1.5 Stealth
 + Level 3.3 Spellcasting
 - Level 0.7 Transmutations
 * Level 3.2 Earth Magic


You had 5 spell levels left.
You knew the following spells:

 Your Spells              Type           Power        Failure   Level  Hunger
a - Sandblast             Erth           ##....       4%          1    N/A
b - Passwall              Tmut/Erth      #.........   13%         2    N/A

Dungeon Overview and Level Annotations

Branches:
Dungeon (3/15)

Altars:
Cheibriados

Annotations:
D:2 Sigmund


Innate Abilities, Weirdness & Mutations

You do not eat or drink.
Your flesh is vulnerable to fire.
You are immune to poison.
Your flesh is cold resistant. (rC+)
You are immune to negative energy. (rN+++)
You are immune to unholy pain and torment.
You can survive without breathing.


Message History

b - 34 stones The adder bites you.
* * * LOW HITPOINT WARNING * * *
Casting: Sandblast (safe; 6% risk of failure)
Confirm with . or Enter, or press ? or * to list all spells.
Aiming: Sandblast (safe; 6% risk of failure)
Press: ? - help, Shift-Dir - straight line, f/p - adder
Aim: an adder (severely wounded)
The blast of sand hits the adder.
The adder is severely wounded.
b - 33 stones The adder bites you.
* * * LOW HITPOINT WARNING * * *
Casting: Sandblast (safe; 6% risk of failure)
Confirm with . or Enter, or press ? or * to list all spells.
Aiming: Sandblast (safe; 6% risk of failure)
Press: ? - help, Shift-Dir - straight line, f/p - adder
Aim: an adder (severely wounded)
The blast of sand hits the adder.
You kill the adder!
You have reached level 3!
Your experience leads to an increase in your attributes!
Increase (S)trength, (I)ntelligence, or (D)exterity?
You feel clever.
b - 32 stones A jackal comes into view.
The jackal bites you.
* * * LOW HITPOINT WARNING * * *
You hit the jackal but do no damage.
The jackal bites you but does no damage. x2
Really read
a - a scroll labeled HIUFISSEORR {!r}?
As you read the scroll labeled HIUFISSEORR {!r}, it crumbles to dust.
The scroll dissolves into smoke.
It was a scroll of fog {!r}.
The jackal closely misses you.
The jackal bites you but does no damage.
Really read
e - a scroll labeled SEUTUO APRA {!r}?
As you read the scroll labeled SEUTUO APRA {!r}, it crumbles to dust.
You feel strangely unstable.
It was a scroll of teleportation {!r}.
The jackal bites you.
* * * LOW HITPOINT WARNING * * *
You miss the jackal. The jackal bites you.
* * * LOW HITPOINT WARNING * * *
The jackal completely misses you.
You closely miss the jackal.
Your surroundings suddenly seem different.
Splash!
You fall into the shallow water.
Moving in this stuff is going to be slow.
A goblin comes into view. It is wielding a club.
The goblin shouts!
You hear a bark!
Found a snail-covered altar of Cheibriados.
A dart slug comes into view.
Unknown command.
The goblin unwields an uncursed club.
The goblin wields a hunting sling.
The goblin shoots a stone.
The stone closely misses you.
You hear a splash.
The dart slug launches a dart at you. The slug dart hits you!
* * * LOW HITPOINT WARNING * * *
You see here a stone.
The goblin shoots a stone.
The stone barely misses you.
You hear a splash.
The goblin shoots a stone.
The stone hits you.
You die...

#.......... ###
#.......... #..
#..........
#...#......w...
#...#.≈≈≈....
...≈≈≈≈≈.#
#≈≈†≈g.# #
#@≈≈≈≈.####.#
##(h≈†......#
###_#....##
#.###.§..####
#...§.§......
#.......####.
#s......#
#hh.....#
#h#######


You could see a dart slug, a jackal and a goblin.

Vanquished Creatures
  An adder (D:3)
  2 oozes (D:1)
  A dart slug (D:3)
  A leopard gecko (D:3)
  An orc (D:3)
  A giant cockroach (D:1)
  2 goblins
  A kobold (D:1)
  A rat (D:1)
11 creatures vanquished.

Notes
Turn   | Place    | Note
-------+----------+-------------------------------------------
     0 | D:1      | Amnesiac the Mummy Earth Elementalist began the quest for the Orb.
     0 | D:1      | Reached XP level 1. HP: 13/13 MP: 4/4
    49 | D:1      | Reached XP level 2. HP: 10/19 MP: 1/5
    84 | D:1      | Learned a level 2 spell: Passwall
   307 | D:2      | Noticed Sigmund
   503 | D:3      | Reached XP level 3. HP: 9/24 MP: 0/7
   511 | D:3      | Found a snail-covered altar of Cheibriados.
   512 | D:3      | HP: 1/24 [dart slug/slug dart (3)]
   513 | D:3      | Shot with a stone by a goblin

Vault maps used:
D:1:      erik_arrival_gehennom, minmay_box_of_dots
D:2:      lemuel_blue_sif_altar, nicolae_overflow_crystal_walls, first_ration,
          uniq_sigmund, uniq_terence
D:3:      kennysheep_slug_shrine

Skill      XL: |  1  2 |
---------------+-------+-----
Spellcasting   | 3 |  3.3
Earth Magic    | 3 |  3.2
Dodging        | |  1.5
Stealth        | |  1.5
Transmutations | |  0.7

Action                   || total
-------------------------++-------
Melee: Unarmed           ||    13
       Mace              ||     5
 Cast: Sandblast         ||    17
       Passwall          ||     1
  Use: Scroll            ||     2
 Stab: Sleeping          ||     1
Armor: Robe              ||     6
Dodge: Dodged            ||    15

Table legend:
 A = Spawn XP
 B = Non-spawn XP
 C = Spawn XP percentage of total XP
 D = Spawn monster count
 E = Non-spawn monster count
 F = Spawn count percentage of total count
 G = Total turns spent on level
                    A         B        C        D         E        F      G
               +---------+---------+-------+---------+---------+-------+---------
         Total |       0 |      46 |   0.0 |       0 |      11 |   0.0 |   513
               +---------+---------+-------+---------+---------+-------+---------
           D:1 |       0 |      21 |   0.0 |       0 |       6 |   0.0 |   295
           D:3 |       0 |      25 |   0.0 |       0 |       5 |   0.0 |   172
               +---------+---------+-------+---------+---------+-------+---------
